 Dungeon Crawl Stone Soup version 0.28.0-53-g5a82cb258f (webtiles) character file.

Game seed: 12071459032123210431

59 moldycheese5 the Grave Robber (level 3, -5/19 HPs)
             Began as a Deep Elf Necromancer on June 17, 2022.
             Slain by Crazy Yiuf
             ... wielding a +3 quarterstaff of chaos
              (14 damage)
             ... on level 2 of the Dungeon.
             The game lasted 00:06:05 (2694 turns).

moldycheese5 the Grave Robber (DENe)                Turns: 2694, Time: 00:06:07

Health: -5/19      AC:  2    Str:  5    XL:     3   Next: 78%
Magic:  5/10       EV: 13    Int: 21    God:
Gold:   48         SH:  0    Dex: 21    Spells: 7/9 levels left

rFire   . . .      SeeInvis .   (no weapon)
rCold   . . .      Faith    .   (no shield)
rNeg    . . .      Spirit   .   a - +0 robe
rPois   .          Reflect  .   (no helmet)
rElec   .          Harm     .   (no cloak)
rCorr   .          Rampage  .   (no gloves)
Will    .....                   (no boots)
Stlth   +++.......              c - amulet of regeneration
HPRegen 0.86/turn               b - +6 ring of dexterity
MPRegen 0.12/turn               (no ring)

@: no status effects
A: no striking features
a: no special abilities


You were on level 2 of the Dungeon.
You visited 1 branch of the dungeon, and saw 2 of its levels.

You collected 48 gold pieces.

Inventory:

Armour
 a - a +0 robe (worn)
Jewellery
 b - a +6 ring of dexterity (left hand)
 c - an amulet of regeneration (around neck)
Scrolls
 e - 2 scrolls of identify {unknown}
 g - a scroll of teleportation {unknown}
 h - a scroll of amnesia {unknown}
Potions
 d - a potion of brilliance {unknown}
 f - a potion of berserk rage {unknown}
 i - a potion of mutation {unknown}


   Skills:
 + Level 2.6 Dodging
 + Level 2.6 Stealth
 + Level 3.9 Spellcasting
 + Level 5.9 Necromancy


You had 7 spell levels left.
You knew the following spells:

 Your Spells              Type           Power      Damage    Failure   Level
a - Pain                  Necr           100%       1d9       1%          1
b - Animate Skeleton      Necr           58%        N/A       1%          1

Your spell library contained the following spells:

 Spells                   Type           Power      Damage    Failure   Level
 Vampiric Draining        Necr           29%        2d8       3%          3
 Animate Dead             Necr           14%        N/A       11%         4
 Magic Dart               Conj           16%        1d3       12%         1
 Call Imp                 Summ           4%         N/A       19%         2
 Agony                    Necr           29%        N/A       28%         5
 Mephitic Cloud           Conj/Pois/Air  4%         N/A       36%         3


Dungeon Overview and Level Annotations

Branches:
Dungeon (2/15)

Altars:
Nemelex Xobeh

Annotations:
D:2 Crazy Yiuf, Robin


Message History

[Y]es or [N]o only, please.
That beam is likely to hit you.
Continue anyway? [Y]es or [N]o only, please.
That beam is likely to hit you.
Continue anyway?
Okay, then.
You see here an adder corpse.
You see here a hobgoblin corpse.
You see here an adder corpse.
Found a mace.
Found a runed translucent door.
Unknown command.
Crazy Yiuf shouts!
Crazy Yiuf says, "East!
Snoogle tortoise infinity."
As you open the door, it creaks loudly!
Aiming: Pain (safe; 1% risk of failure)
Press: ? - help, Q - select action, (/) - cycle Shift-Dir - straight line Nothing appears to happen.
Crazy Yiuf hits you with a +3 quarterstaff of chaos!
You resist with some effort.
Aiming: Pain (safe; 1% risk of failure)
Press: ? - help, Q - select action, (/) - cycle Shift-Dir - straight line, f - Crazy Yiuf
Aim: Crazy Yiuf, wielding a +3 quarterstaff of chaos and wearing a +0 cloak (chance to affect: 88%) Crazy Yiuf writhes in agony.
Crazy Yiuf closely misses you.
Aiming: Pain (safe; 1% risk of failure)
Press: ? - help, Q - select action, (/) - cycle Shift-Dir - straight line, f/p - Crazy Yiuf
Aim: Crazy Yiuf, wielding a +3 quarterstaff of chaos and wearing a +0 cloak (lightly wounded, chance to affect: 88%) Crazy Yiuf writhes in agony!
Crazy Yiuf misses you.
Aiming: Pain (safe; 1% risk of failure)
Press: ? - help, Q - select action, (/) - cycle Shift-Dir - straight line, f/p - Crazy Yiuf
Aim: Crazy Yiuf, wielding a +3 quarterstaff of chaos and wearing a +0 cloak (heavily wounded, chance to affect: 88%) Crazy Yiuf writhes in agony.
Crazy Yiuf completely misses you.
Aiming: Pain (safe; 1% risk of failure)
Press: ? - help, Q - select action, (/) - cycle Shift-Dir - straight line, f/p - Crazy Yiuf
Aim: Crazy Yiuf, wielding a +3 quarterstaff of chaos and wearing a +0 cloak (severely wounded, chance to affect: 88%) Crazy Yiuf writhes in agony.
Crazy Yiuf hits you with a +3 quarterstaff of chaos!
Ouch! That really hurt!
You die...

#......####....####.....#
# ##.#.#.# #....#
#......## #.#.#.# ♣..P.♣
##.._...## #.#.### ♣♣P..♣
#.....#.## #.#.### ♣♣.♣♣
#......#.# #.....# ♣♣.♣
#.......## ###.### ♣.♣♣
##.##.#..### ####.###
♣♣.♣ #........#..
#......# ♣@♣♣
#...[....... #.##.#.# #g#
##.....#.#.. #.##.#.# ...
#......#)### #.#..#.#
#...# ##....)..# #.#.##.#
#)..# ##....### #.#.##.#
##### ###..# #......#
#####..#
###..#############......#
#.....##.##.##.########


You could see Crazy Yiuf.

Vanquished Creatures
  An adder (D:2)
  A worm (D:2)
  4 endoplasms
  3 giant cockroaches
  4 hobgoblins
  2 kobolds (D:1)
  2 ball pythons (D:2)
  6 frilled lizards
  15 goblins
  6 rats
44 creatures vanquished.

Vanquished Creatures (others)
  A fungus (D:2)
1 creature vanquished.

Grand Total: 45 creatures vanquished

Notes
Turn   | Place    | Note
-------+----------+-------------------------------------------
     0 | D:1      | moldycheese5 the Deep Elf Necromancer began the quest for
                  | the Orb.
     0 | D:1      | Reached XP level 1. HP: 10/10 MP: 6/6
   120 | D:1      | Reached skill level 5 in Necromancy
   338 | D:1      | Reached XP level 2. HP: 1/15 MP: 1/8
  1840 | D:2      | Learned a level 1 spell: Animate Skeleton
  1851 | D:2      | Noticed Robin
  1970 | D:2      | Reached XP level 3. HP: 15/19 MP: 7/10
  2457 | D:2      | Found a sparkling altar of Nemelex Xobeh.
  2685 | D:2      | Found a runed translucent door.
  2686 | D:2      | Noticed Crazy Yiuf
  2694 | D:2      | Slain by Crazy Yiuf

Illustrated notes

Levels and vault maps discovered:
D:1:      ncdulo_halloftheorcs, layout_loops_ring, minmay_shallow_snake_nest
D:2:      layout_loops_cross, basic_altar, minmay_goblin_outpost,
          uniq_crazy_yiuf_cottage, uniq_robin

Skill      XL: |  1 |
---------------+----+-----
Necromancy     | 5 |  5.9
Dodging        | |  2.6
Stealth        | |  2.6
Spellcasting   | |  3.9

Action                   || total
-------------------------++-------
Melee: Unarmed           ||    10
 Cast: Pain              ||    81
       Animate Skeleton  ||     3
  Use: Potion            ||     1
Armor: Robe              ||     4
Dodge: Dodged            ||    47
